Red Wings vs Sharks

Created - 29 décembre 2017 at 09:05

Goals
1 2 3 T
Red Wings 2 1 0 3
Sharks 2 1 1 4
Shots
1 2 3 T
Red Wings 10 12 9 31
Sharks 9 12 21 42

1st period

1. Sharks , Boone Jenner 6 (Mikkel Boedker 6, Jonathan Huberdeau 13) at 5:40
2. Sharks , Jonathan Huberdeau 18 (Sidney Crosby 28, Justin Braun 11) at 14:44
3. Red Wings , Mark Scheifele 11 (John Tavares 19) at 16:14 (PP)
4. Red Wings , Brandon Dubinsky 7 (David Pastrnak 16, Ben Hutton 6) at 19:27

Penalties :
John Tavares (DET) for High sticking (Minor) at 8:45, Justin Braun (SJS) for Hooking (Minor) at 16:12

2nd period

5. Red Wings , Brandon Dubinsky 8 (David Pastrnak 17, Connor Murphy 7) at 5:09
6. Sharks , Jonathan Drouin 17 (Sidney Crosby 29, Gabriel Landeskog 10) at 18:26

Penalties :
Kenny Agostino (SJS) for Tripping (Minor) at 10:22

3rd period

7. Sharks , Jonathan Drouin 18 (Sidney Crosby 30) at 15:44

Penalties :
Brandon Dubinsky (DET) for Hooking (Minor) at 4:37

Goalie Stats

James Reimer (DET), 38 saves from 42 shots - (0,905), L, 13-10-3, 59:40 minutes
Joonas Korpisalo (SJS), 28 saves from 31 shots - (0,903), W, 9-4-0, 60:00 minutes

Players Stats for Red Wings

Player Name              G  A  P  +/- PIM S  H  SB GA TA FO     MP     PP MP  PK MP  
------------------------------------------------------------------------------------
Ben Hutton               0  1  1  -2  0   0  1  1  1  0  0/0    13:01   1:15   0:00 
Brandon Dubinsky         2  0  2   0  2   3  1  0  0  1  7/14   17:49   0:51   0:57 
Cedric Paquette          0  0  0  -1  0   3  0  0  0  0  0/0     9:24   0:00   2:31 
Christian Djoos          0  0  0  -2  0   1  0  0  0  1  0/0    12:36   0:00   0:00 
Connor Murphy            0  1  1   0  0   2  2  2  0  0  0/0    19:15   0:00   2:39 
David Pastrnak           0  2  2   0  0   7  0  0  0  1  0/0    18:29   1:10   0:28 
Dion Phaneuf             0  0  0   0  0   3  3  2  0  1  0/0    27:44   0:46   1:19 
Jake DeBrusk             0  0  0  -1  0   4  0  0  0  0  0/0    11:41   0:00   0:00 
John Carlson             0  0  0   0  0   1  0  4  0  1  0/0    25:35   1:15   1:19 
John Tavares             0  1  1   0  2   1  3  1  0  1  19/34  20:56   1:10   0:00 
Joseph Blandisi          0  0  0  -1  0   0  1  0  0  1  0/0    11:26   0:00   0:00 
Lukas Sedlak             0  0  0  -1  0   0  0  0  0  0  1/2     6:53   0:00   0:00 
Mark Scheifele           1  0  1   0  0   4  1  1  2  2  0/2    20:42   1:10   0:07 
Matt Nieto               0  0  0  -1  0   1  0  0  2  0  0/0     7:53   0:00   0:49 
Nick Bonino              0  0  0  -1  0   0  2  0  0  0  5/6    13:38   0:00   1:58 
Oscar Lindberg           0  0  0   0  0   0  0  0  0  0  0/2     1:25   0:00   1:06 
Paul Martin              0  0  0   0  0   0  1  2  0  1  0/0    21:49   0:46   2:39 
Sam Gagner               0  0  0   0  0   1  0  1  1  0  0/1    16:35   0:51   0:00 
Tomas Tatar              0  0  0   0  0   0  2  0  1  0  0/0    19:09   0:51   0:00 

Players Stats for Sharks

Player Name              G  A  P  +/- PIM S  H  SB GA TA FO     MP     PP MP  PK MP  
------------------------------------------------------------------------------------
Alex Pietrangelo         0  0  0   0  0   2  1  1  0  1  0/0    22:45   2:16   1:09 
Boone Jenner             1  0  1   2  0   2  2  1  3  1  3/11   13:49   0:00   0:27 
Braydon Coburn           0  0  0   0  0   2  2  1  0  0  0/0    22:45   2:16   1:09 
Colton Sceviour          0  0  0   0  0   0  2  0  0  0  2/6     7:56   0:00   1:12 
Dylan Larkin             0  0  0   0  0   0  3  0  0  0  6/17   17:56   1:50   0:00 
Gabriel Landeskog        0  1  1   0  0   6  1  1  0  0  0/0    20:00   1:50   0:00 
Jonathan Drouin          2  0  2   0  0   5  0  0  5  0  0/1    20:31   1:50   0:22 
Jonathan Huberdeau       1  1  2   2  0   5  0  0  1  0  0/0    15:57   2:08   0:38 
Justin Braun             0  1  1   0  2   1  0  1  0  0  0/0    20:21   1:42   0:52 
Kenny Agostino           0  0  0   0  2   2  0  0  0  0  0/0     7:02   0:00   0:02 
Mark Borowiecki          0  0  0   2  0   0  2  4  0  1  0/0    16:53   0:00   0:00 
Mikkel Boedker           0  1  1   2  0   1  1  0  1  1  0/1    13:59   0:00   0:54 
Patric Hornqvist         0  0  0   0  0   1  1  0  0  0  1/2    17:53   2:08   0:00 
Sidney Crosby            0  3  3   0  0   7  1  1  0  1  17/22  20:09   2:08   0:00 
Steve Bernier            0  0  0   0  0   0  2  0  0  1  0/0     7:03   0:00   0:27 
Teuvo Teravainen         0  0  0   0  0   4  1  0  0  0  0/1    15:43   0:00   0:00 
Tyson Barrie             0  0  0   0  0   2  0  3  0  1  0/0    20:22   1:42   0:52 
Zach Werenski            0  0  0   2  0   2  1  1  0  0  0/0    16:53   0:00   0:00 

3 Stars

1 - Jonathan Huberdeau (SJS)
2 - Jonathan Drouin (SJS)
3 - Boone Jenner (SJS)

Power Play

Red Wings - 1 on 2 Attempt(s) - 50,00%
Sharks - 0 on 2 Attempt(s) - 0,00%

Penalty Kill

Red Wings - 2 on 2 Attempt(s) - 100,00% - Score 0 goal in Penalty Kill
Sharks - 1 on 2 Attempt(s) - 50,00% - Score 0 goal in Penalty Kill

Team Stat

Red Wings - Hits : 17 - Faceoff Wins : 32 - Blocked Shots : 14 - Penalty Minutes : 4
Sharks - Hits : 20 - Faceoff Wins : 29 - Blocked Shots : 14 - Penalty Minutes : 4

Official

Referees : Kevin Pollock and Wes McCauley
Linesman : Andy McElman and Michel Cormier

Game Notes

No Game Note

Finance

Level 1 -- Attendance: 4345 (72,42%) -- Ticket Income 434 500 $
Level 2 -- Attendance: 4797 (95,94%) -- Ticket Income 287 820 $
Level 3 -- Attendance: 1987 (99,35%) -- Ticket Income 69 545 $
Level 4 -- Attendance: 4000 (100,00%) -- Ticket Income 80 000 $
Luxury Box -- Attendance: 780 (78,00%) -- Ticket Income 156 000 $
Game was played at the Wananiche.
Total Attendance: 15909 (88,38%)
Total Ticket Income: 1 027 865 $
Other Income: 503 654 $
Total Income: 1 531 519 $

Red Wings

5 vs 5 Forward 
   Center                   Left Wing                Right Wing               Time % Phy DF OF 
 1 John Tavares             Tomas Tatar              Mark Scheifele           42     1   2  2  
 2 Brandon Dubinsky         Sam Gagner               David Pastrnak           32     1   2  2  
 3 Nick Bonino              Jake DeBrusk             Joseph Blandisi          18     1   2  2  
 4 Lukas Sedlak             Matt Nieto               Cedric Paquette          8      2   2  1  

5 vs 5 Defense 
   Defense                  Defense                                           Time % Phy DF OF 
 1 John Carlson             Dion Phaneuf                                      40     2   2  1  
 2 Paul Martin              Connor Murphy                                     30     2   2  1  
 3 Christian Djoos          Ben Hutton                                        20     2   2  1  
 4 Paul Martin              Dion Phaneuf                                      10     1   2  2  

PowerPlay Forward 
   Center                   Left Wing                Right Wing               Time % Phy DF OF 
 1 John Tavares             David Pastrnak           Mark Scheifele           60     1   1  3  
 2 Brandon Dubinsky         Sam Gagner               Tomas Tatar              40     1   1  3  

PowerPlay Defense
   Defense                  Defense                                           Time % Phy DF OF 
 1 John Carlson             Ben Hutton                                        60     1   1  3  
 2 Paul Martin              Dion Phaneuf                                      40     1   1  3  

Penalty Kill 4 Players Forward 
   Center                   Wing                     Time % Phy DF OF 
 1 Nick Bonino              Cedric Paquette          60     1   3  1  
 2 Brandon Dubinsky         Matt Nieto               40     1   3  1  

Penalty Kill 4 Players Defense
   Defense                  Defense                  Time % Phy DF OF 
 1 Connor Murphy            Paul Martin              60     1   3  1  
 2 John Carlson             Dion Phaneuf             40     1   3  1  

Penalty Kill - 3 Players Forward 
   Forward                                           Time % Phy DF OF 
 1 Nick Bonino                                       60     1   4  0  
 2 Brandon Dubinsky                                  40     1   4  0  

Penalty Kill - 3 Players Defense
   Defense                  Defense                  Time % Phy DF OF 
 1 Connor Murphy            Paul Martin              60     1   4  0  
 2 John Carlson             Dion Phaneuf             40     1   4  0  

4 vs 4 Forward 
   Center                   Wing                     Time % Phy DF OF 
 1 John Tavares             David Pastrnak           60     1   2  2  
 2 Nick Bonino              Mark Scheifele           40     1   2  2  

4 vs 4 Defense
   Defense                  Defense                  Time % Phy DF OF 
 1 Dion Phaneuf             John Carlson             60     1   2  2  
 2 Christian Djoos          Connor Murphy            40     1   2  2  

Last Minutes Offensive
   Center                   Left Wing                Right Wing               Defense                  Defense                  
   John Tavares             David Pastrnak           Mark Scheifele           Dion Phaneuf             John Carlson             

Last Minutes Defensive
   Center                   Left Wing                Right Wing               Defense                  Defense                  
   Nick Bonino              Brandon Dubinsky         Matt Nieto               Dion Phaneuf             John Carlson             

Goaltenders
Starting : James Reimer             
Backup : Anders Nilsson           

Extra Forwards
Normal : John Tavares, Jake DeBrusk, Oscar Lindberg - PP : John Tavares, Jake DeBrusk - PK : Oscar Lindberg
Extra Defensemen
Normal : Connor Murphy, Christian Djoos, Ben Hutton - PP : Connor Murphy - PK : Connor Murphy, Ben Hutton
Penalty Shots
Nick Bonino, John Tavares, David Pastrnak, Tomas Tatar, Mark Scheifele
Custom OT Lines Forwards
John Tavares, David Pastrnak, Mark Scheifele, Cedric Paquette, Brandon Dubinsky, Tomas Tatar, Nick Bonino, Matt Nieto, Jake DeBrusk, Joseph Blandisi
Custom OT Lines Defensemen
Ben Hutton, Dion Phaneuf, John Carlson, Connor Murphy, Christian Djoos

Scratches
Bryce Van Brabant (Healthy), Michael Zalewski (Healthy), Ryan Johnston (Healthy)

Sharks

5 vs 5 Forward 
   Center                   Left Wing                Right Wing               Time % Phy DF OF 
 1 Sidney Crosby            Gabriel Landeskog        Jonathan Drouin          36     0   1  4  
 2 Dylan Larkin             Patric Hornqvist         Teuvo Teravainen         34     0   1  4  
 3 Boone Jenner             Jonathan Huberdeau       Mikkel Boedker           25     0   1  4  
 4 Colton Sceviour          Kenny Agostino           Steve Bernier            5      0   1  4  

5 vs 5 Defense 
   Defense                  Defense                                           Time % Phy DF OF 
 1 Alex Pietrangelo         Braydon Coburn                                    36     0   1  4  
 2 Justin Braun             Tyson Barrie                                      34     0   1  4  
 3 Zach Werenski            Mark Borowiecki                                   30     0   1  4  
 4 Alex Pietrangelo         Braydon Coburn                                    0      0   1  4  

PowerPlay Forward 
   Center                   Left Wing                Right Wing               Time % Phy DF OF 
 1 Sidney Crosby            Jonathan Huberdeau       Patric Hornqvist         55     0   1  4  
 2 Dylan Larkin             Jonathan Drouin          Gabriel Landeskog        45     0   1  4  

PowerPlay Defense
   Defense                  Defense                                           Time % Phy DF OF 
 1 Alex Pietrangelo         Braydon Coburn                                    55     0   1  4  
 2 Justin Braun             Tyson Barrie                                      45     0   1  4  

Penalty Kill 4 Players Forward 
   Center                   Wing                     Time % Phy DF OF 
 1 Colton Sceviour          Kenny Agostino           55     0   5  0  
 2 Boone Jenner             Steve Bernier            45     0   5  0  

Penalty Kill 4 Players Defense
   Defense                  Defense                  Time % Phy DF OF 
 1 Alex Pietrangelo         Braydon Coburn           55     0   5  0  
 2 Justin Braun             Tyson Barrie             45     0   5  0  

Penalty Kill - 3 Players Forward 
   Forward                                           Time % Phy DF OF 
 1 Colton Sceviour                                   55     1   4  0  
 2 Steve Bernier                                     45     1   4  0  

Penalty Kill - 3 Players Defense
   Defense                  Defense                  Time % Phy DF OF 
 1 Mark Borowiecki          Braydon Coburn           55     1   4  0  
 2 Justin Braun             Tyson Barrie             45     1   4  0  

4 vs 4 Forward 
   Center                   Wing                     Time % Phy DF OF 
 1 Dylan Larkin             Jonathan Drouin          55     1   2  2  
 2 Colton Sceviour          Steve Bernier            45     1   2  2  

4 vs 4 Defense
   Defense                  Defense                  Time % Phy DF OF 
 1 Alex Pietrangelo         Braydon Coburn           55     1   2  2  
 2 Justin Braun             Tyson Barrie             45     1   2  2  

Last Minutes Offensive
   Center                   Left Wing                Right Wing               Defense                  Defense                  
   Sidney Crosby            Gabriel Landeskog        Jonathan Drouin          Justin Braun             Alex Pietrangelo         

Last Minutes Defensive
   Center                   Left Wing                Right Wing               Defense                  Defense                  
   Sidney Crosby            Gabriel Landeskog        Jonathan Drouin          Justin Braun             Alex Pietrangelo         

Goaltenders
Starting : Joonas Korpisalo         
Backup : Jake Allen               

Extra Forwards
Normal : Boone Jenner, Dylan Larkin, Mikkel Boedker - PP : Boone Jenner, Dylan Larkin - PK : Mikkel Boedker
Extra Defensemen
Normal : Zach Werenski, Mark Borowiecki, Justin Braun - PP : Zach Werenski - PK : Mark Borowiecki, Justin Braun
Penalty Shots
Sidney Crosby, Gabriel Landeskog, Jonathan Huberdeau, Jonathan Drouin, Patric Hornqvist
Custom OT Lines Forwards
Sidney Crosby, Gabriel Landeskog, Jonathan Huberdeau, Jonathan Drouin, Patric Hornqvist, Boone Jenner, Teuvo Teravainen, Dylan Larkin, Mikkel Boedker, Colton Sceviour
Custom OT Lines Defensemen
Justin Braun, Braydon Coburn, Tyson Barrie, Mark Borowiecki, Zach Werenski

Scratches
Alexey Marchenko (Healthy), Matt Martin (Healthy), Brian Gibbons (Healthy)

% Time on Ice - Red Wings

Lines # - Real PCT - Wanted PCT - Time Play
Normal Forward
1 - 35% - 42% - 18:38
2 - 30% - 32% - 15:55
3 - 22% - 18% - 11:26
4 - 13% - 8% - 6:53
Normal Defense
1 - 40% - 40% - 21:18
2 - 31% - 30% - 16:09
3 - 22% - 20% - 11:46
4 - 7% - 10% - 3:39
PP Forward
1 - 58% - 60% - 1:10
2 - 42% - 40% - 0:51
PP Defense
1 - 62% - 60% - 1:15
2 - 38% - 40% - 0:46
PK Forward
1 - 79% - 60% - 3:09
2 - 21% - 40% - 0:49
PK Defense
1 - 67% - 60% - 2:39
2 - 33% - 40% - 1:19
PK3 Forward
1 - 0% - 60%
2 - 0% - 40%
PK3 Defense
1 - 0% - 60%
2 - 0% - 40%
44 Forward
1 - 0% - 60%
2 - 0% - 40%
44 Defense
1 - 0% - 60%
2 - 0% - 40%
Last Minute Offensive  - 1:09
Last Minute Defensive  - 0:00
Total
Forward - 60:00
Defense - 60:00

% Time on Ice - Sharks

Lines # - Real PCT - Wanted PCT - Time Play
Normal Forward
1 - 33% - 36% - 17:14
2 - 30% - 34% - 15:54
3 - 25% - 25% - 13:05
4 - 12% - 5% - 6:36
Normal Defense
1 - 37% - 36% - 19:20
2 - 34% - 34% - 17:48
3 - 30% - 30% - 15:41
4 - 0% - 0% - 0:00
PP Forward
1 - 54% - 55% - 2:08
2 - 46% - 45% - 1:50
PP Defense
1 - 57% - 55% - 2:16
2 - 43% - 45% - 1:42
PK Forward
1 - 78% - 55% - 1:34
2 - 22% - 45% - 0:27
PK Defense
1 - 57% - 55% - 1:09
2 - 43% - 45% - 0:52
PK3 Forward
1 - 0% - 55%
2 - 0% - 45%
PK3 Defense
1 - 0% - 55%
2 - 0% - 45%
44 Forward
1 - 0% - 55%
2 - 0% - 45%
44 Defense
1 - 0% - 55%
2 - 0% - 45%
Last Minute Offensive  - 0:00
Last Minute Defensive  - 1:12
Total
Forward - 60:00
Defense - 60:00

Play by Play

1st period


0:01 of 1st period - Sidney Crosby wins face-off versus John Tavares in neutral zone.
0:04 of 1st period - John Carlson is hit by Braydon Coburn and loses puck.
0:27 of 1st period - Brandon Dubinsky is hit by Alex Pietrangelo and loses puck.
1:10 of 1st period - Connor Murphy is hit by Zach Werenski and loses puck.
1:33 of 1st period - Icing by Tomas Tatar.
1:34 of 1st period - Sidney Crosby wins face-off versus John Tavares in Red Wings zone.
1:35 of 1st period - Snap shot by Jonathan Drouin.
1:35 of 1st period - Stopped by James Reimer with a rebound.
1:37 of 1st period - Wrist shot by Gabriel Landeskog.
1:37 of 1st period - Stopped by James Reimer without a rebound.
1:38 of 1st period - Brandon Dubinsky wins face-off versus Dylan Larkin in Red Wings zone.
1:47 of 1st period - Snap shot by David Pastrnak.
1:47 of 1st period - Shot Misses the Net.
1:49 of 1st period - Snap shot by Ben Hutton.
1:49 of 1st period - Shot Misses the Net.
2:05 of 1st period - Snap shot by Sidney Crosby.
2:05 of 1st period - Shot Blocked by Ben Hutton.
2:33 of 1st period - Snap shot by Jake DeBrusk.
2:33 of 1st period - Stopped by Joonas Korpisalo with a rebound.
3:05 of 1st period - Wrist shot by Patric Hornqvist.
3:05 of 1st period - Shot Blocked by Paul Martin.
3:07 of 1st period - Snap shot by Teuvo Teravainen.
3:07 of 1st period - Shot Misses the Net.
3:09 of 1st period - Slapshot by Alex Pietrangelo.
3:09 of 1st period - Stopped by James Reimer with a rebound.
3:11 of 1st period - Backhand shot by Dylan Larkin.
3:11 of 1st period - Shot Misses the Net.
3:42 of 1st period - Icing by Dion Phaneuf.
3:43 of 1st period - John Tavares wins face-off versus Boone Jenner in Red Wings zone.
5:04 of 1st period - Slapshot by Mark Scheifele.
5:04 of 1st period - Stopped by Joonas Korpisalo without a rebound.
5:05 of 1st period - Brandon Dubinsky wins face-off versus Dylan Larkin in Sharks zone.
5:10 of 1st period - Wrist shot by David Pastrnak.
5:10 of 1st period - Stopped by Joonas Korpisalo with a rebound.
5:16 of 1st period - Connor Murphy is hit by Patric Hornqvist and loses puck.
5:21 of 1st period - Snap shot by Patric Hornqvist.
5:21 of 1st period - Shot Misses the Net.
5:38 of 1st period - Slapshot by Mikkel Boedker.
5:38 of 1st period - Shot Misses the Net.
5:40 of 1st period - Wrist shot by Boone Jenner.
5:40 of 1st period - Goal by Boone Jenner - Red Wings : 0 - Sharks : 1.
5:41 of 1st period - Sidney Crosby wins face-off versus John Tavares in neutral zone.
5:51 of 1st period - Wrist shot by Jonathan Drouin.
5:51 of 1st period - Shot Blocked by Connor Murphy.
5:53 of 1st period - Wrist shot by Gabriel Landeskog.
5:53 of 1st period - Shot Misses the Net.
5:55 of 1st period - Slapshot by Tyson Barrie.
5:55 of 1st period - Shot Blocked by Connor Murphy.
5:57 of 1st period - Slapshot by Gabriel Landeskog.
5:57 of 1st period - Stopped by James Reimer without a rebound.
5:58 of 1st period - Brandon Dubinsky wins face-off versus Dylan Larkin in Red Wings zone.
6:03 of 1st period - Dion Phaneuf is hit by Dylan Larkin and loses puck.
7:12 of 1st period - Slapshot by Zach Werenski.
7:12 of 1st period - Stopped by James Reimer with a rebound.
8:13 of 1st period - Wrist shot by Nick Bonino.
8:13 of 1st period - Shot Blocked by Mark Borowiecki.
8:15 of 1st period - Snap shot by Nick Bonino.
8:15 of 1st period - Shot Hit the Post.
8:17 of 1st period - Slapshot by Ben Hutton.
8:17 of 1st period - Shot Blocked by Mark Borowiecki.
8:19 of 1st period - Slapshot by Ben Hutton.
8:19 of 1st period - Shot Misses the Net.
8:23 of 1st period - Wrist shot by Jake DeBrusk.
8:23 of 1st period - Deflect By Sidney Crosby.
8:23 of 1st period - Stopped by Joonas Korpisalo without a rebound.
8:24 of 1st period - John Tavares wins face-off versus Teuvo Teravainen in Sharks zone.
8:45 of 1st period - Minor Penalty to John Tavares for High sticking.
8:46 of 1st period - Sidney Crosby wins face-off versus Oscar Lindberg in Red Wings zone.
10:45 of 1st period - Penalty to John Tavares is over, John Tavares is back on ice.
11:02 of 1st period - Snap shot by Kenny Agostino.
11:02 of 1st period - Shot Blocked by John Carlson.
13:11 of 1st period - Zach Werenski is hit by Mark Scheifele and loses puck.
13:22 of 1st period - Cedric Paquette is hit by Mark Borowiecki and loses puck.
13:46 of 1st period - Mark Scheifele is hit by Mikkel Boedker and loses puck.
14:10 of 1st period - Nick Bonino is hit by Colton Sceviour.
14:14 of 1st period - Justin Braun is hit by Dion Phaneuf and loses puck.
14:29 of 1st period - Gabriel Landeskog is hit by Dion Phaneuf and loses puck.
14:44 of 1st period - Snap shot by Jonathan Huberdeau.
14:44 of 1st period - Goal by Jonathan Huberdeau - Red Wings : 0 - Sharks : 2.
14:45 of 1st period - John Tavares wins face-off versus Dylan Larkin in neutral zone.
14:56 of 1st period - Wrist shot by Mark Scheifele.
14:56 of 1st period - Shot Misses the Net.
14:58 of 1st period - Slapshot by John Carlson.
14:58 of 1st period - Shot Misses the Net.
15:00 of 1st period - Slapshot by Mark Scheifele.
15:00 of 1st period - Shot Misses the Net.
15:36 of 1st period - Snap shot by Cedric Paquette.
15:36 of 1st period - Stopped by Joonas Korpisalo without a rebound.
15:37 of 1st period - Lukas Sedlak wins face-off versus Boone Jenner in Sharks zone.
15:44 of 1st period - Snap shot by Jonathan Huberdeau.
15:44 of 1st period - Stopped by James Reimer without a rebound.
15:45 of 1st period - John Tavares wins face-off versus Dylan Larkin in Red Wings zone.
15:49 of 1st period - Off-side.
15:50 of 1st period - John Tavares wins face-off versus Dylan Larkin in neutral zone.
16:04 of 1st period - Wrist shot by Mark Scheifele.
16:04 of 1st period - Shot Misses the Net.
16:06 of 1st period - Slapshot by John Carlson.
16:06 of 1st period - Shot Misses the Net.
16:12 of 1st period - Minor Penalty to Justin Braun for Hooking.
16:13 of 1st period - John Tavares wins face-off versus Colton Sceviour in Sharks zone.
16:14 of 1st period - Wrist shot by Mark Scheifele.
16:14 of 1st period - Goal by Mark Scheifele - Red Wings : 1 - Sharks : 2.
16:15 of 1st period - John Tavares wins face-off versus Jonathan Drouin in neutral zone.
16:18 of 1st period - Snap shot by Mark Scheifele.
16:18 of 1st period - Stopped by Joonas Korpisalo with a rebound.
16:32 of 1st period - Snap shot by Jonathan Drouin.
16:32 of 1st period - Stopped by James Reimer with a rebound.
16:49 of 1st period - John Carlson is hit by Dylan Larkin and loses puck.
18:08 of 1st period - Wrist shot by David Pastrnak.
18:08 of 1st period - Stopped by Joonas Korpisalo with a rebound.
19:16 of 1st period - Slapshot by Mark Scheifele.
19:16 of 1st period - Stopped by Joonas Korpisalo without a rebound.
19:17 of 1st period - Brandon Dubinsky wins face-off versus Sidney Crosby in Sharks zone.
19:27 of 1st period - Wrist shot by Brandon Dubinsky.
19:27 of 1st period - Goal by Brandon Dubinsky - Red Wings : 2 - Sharks : 2.
19:28 of 1st period - Sidney Crosby wins face-off versus John Tavares in neutral zone.
Goals for this period are 2 for Red Wings vs 2 for Sharks.
Shots for this period are 10 for Red Wings vs 9 for Sharks.

2nd period


0:01 of 2nd period - John Tavares wins face-off versus Sidney Crosby in neutral zone.
0:27 of 2nd period - Wrist shot by Patric Hornqvist.
0:27 of 2nd period - Shot Misses the Net.
0:29 of 2nd period - Slapshot by Justin Braun.
0:29 of 2nd period - Shot Blocked by Sam Gagner.
0:31 of 2nd period - Snap shot by Justin Braun.
0:31 of 2nd period - Stopped by James Reimer without a rebound.
0:32 of 2nd period - Dylan Larkin wins face-off versus Brandon Dubinsky in Red Wings zone.
0:57 of 2nd period - Wrist shot by David Pastrnak.
0:57 of 2nd period - Shot Misses the Net.
0:59 of 2nd period - Slapshot by Dion Phaneuf.
0:59 of 2nd period - Shot Blocked by Justin Braun.
1:01 of 2nd period - Snap shot by Dion Phaneuf.
1:01 of 2nd period - Stopped by Joonas Korpisalo without a rebound.
1:02 of 2nd period - Sidney Crosby wins face-off versus John Tavares in Sharks zone.
1:11 of 2nd period - Snap shot by Sidney Crosby.
1:11 of 2nd period - Shot Blocked by John Carlson.
1:13 of 2nd period - Slapshot by Braydon Coburn.
1:13 of 2nd period - Deflect By Sidney Crosby.
1:13 of 2nd period - Stopped by James Reimer with a rebound.
1:15 of 2nd period - Slapshot by Alex Pietrangelo.
1:15 of 2nd period - Stopped by James Reimer without a rebound.
1:16 of 2nd period - John Tavares wins face-off versus Boone Jenner in Red Wings zone.
1:21 of 2nd period - Slapshot by John Carlson.
1:21 of 2nd period - Shot Misses the Net.
1:23 of 2nd period - Snap shot by Dion Phaneuf.
1:23 of 2nd period - Deflect By Braydon Coburn.
1:23 of 2nd period - Stopped by Joonas Korpisalo without a rebound.
1:24 of 2nd period - John Tavares wins face-off versus Boone Jenner in Sharks zone.
1:32 of 2nd period - Off-side.
1:33 of 2nd period - Dylan Larkin wins face-off versus John Tavares in neutral zone.
2:24 of 2nd period - Off-side.
2:25 of 2nd period - Dylan Larkin wins face-off versus John Tavares in neutral zone.
2:52 of 2nd period - Jonathan Drouin is hit by Connor Murphy and loses puck.
3:21 of 2nd period - Snap shot by Jonathan Huberdeau.
3:21 of 2nd period - Stopped by James Reimer without a rebound.
3:22 of 2nd period - Sidney Crosby wins face-off versus John Tavares in Red Wings zone.
3:32 of 2nd period - Snap shot by Tomas Tatar.
3:32 of 2nd period - Shot Hit the Post.
3:34 of 2nd period - Snap shot by Mark Scheifele.
3:34 of 2nd period - Shot Misses the Net.
3:38 of 2nd period - Snap shot by Mark Scheifele.
3:38 of 2nd period - Shot Misses the Net.
3:52 of 2nd period - Wrist shot by Teuvo Teravainen.
3:52 of 2nd period - Stopped by James Reimer without a rebound.
3:53 of 2nd period - Brandon Dubinsky wins face-off versus Dylan Larkin in Red Wings zone.
4:01 of 2nd period - Wrist shot by Sam Gagner.
4:01 of 2nd period - Deflect By David Pastrnak.
4:01 of 2nd period - Shot Misses the Net.
4:01 of 2nd period - Puck is out of play.
4:02 of 2nd period - Boone Jenner wins face-off versus Brandon Dubinsky in Sharks zone.
4:55 of 2nd period - Snap shot by David Pastrnak.
4:55 of 2nd period - Shot Blocked by Sidney Crosby.
5:03 of 2nd period - Backhand shot by David Pastrnak.
5:03 of 2nd period - Shot Misses the Net.
5:09 of 2nd period - Wrist shot by Brandon Dubinsky.
5:09 of 2nd period - Deflect By Tyson Barrie.
5:09 of 2nd period - Goal by Brandon Dubinsky - Red Wings : 3 - Sharks : 2.
5:10 of 2nd period - John Tavares wins face-off versus Patric Hornqvist in neutral zone.
5:35 of 2nd period - Tomas Tatar is hit by Dylan Larkin and loses puck.
6:00 of 2nd period - Wrist shot by Patric Hornqvist.
6:00 of 2nd period - Shot Blocked by Mark Scheifele.
6:02 of 2nd period - Snap shot by Zach Werenski.
6:02 of 2nd period - Deflect By Tomas Tatar.
6:02 of 2nd period - Stopped by James Reimer with a rebound.
6:04 of 2nd period - Wrist shot by Teuvo Teravainen.
6:04 of 2nd period - Shot Misses the Net.
6:34 of 2nd period - Snap shot by Teuvo Teravainen.
6:34 of 2nd period - Stopped by James Reimer without a rebound.
6:35 of 2nd period - Brandon Dubinsky wins face-off versus Mikkel Boedker in Red Wings zone.
7:18 of 2nd period - Wrist shot by Jonathan Huberdeau.
7:18 of 2nd period - Shot Misses the Net.
7:30 of 2nd period - Backhand shot by Brandon Dubinsky.
7:30 of 2nd period - Shot Blocked by Braydon Coburn.
7:32 of 2nd period - Slapshot by Connor Murphy.
7:32 of 2nd period - Stopped by Joonas Korpisalo with a rebound.
7:38 of 2nd period - Snap shot by David Pastrnak.
7:38 of 2nd period - Stopped by Joonas Korpisalo with a rebound.
7:40 of 2nd period - Slapshot by Paul Martin.
7:40 of 2nd period - Shot Misses the Net.
7:42 of 2nd period - Snap shot by Sam Gagner.
7:42 of 2nd period - Shot Misses the Net.
7:44 of 2nd period - Backhand shot by David Pastrnak.
7:44 of 2nd period - Shot Blocked by Boone Jenner.
7:46 of 2nd period - Snap shot by David Pastrnak.
7:46 of 2nd period - Stopped by Joonas Korpisalo with a rebound.
7:48 of 2nd period - Slapshot by Paul Martin.
7:48 of 2nd period - Shot Misses the Net.
7:50 of 2nd period - Snap shot by Brandon Dubinsky.
7:50 of 2nd period - Stopped by Joonas Korpisalo without a rebound.
7:51 of 2nd period - Nick Bonino wins face-off versus Sidney Crosby in Sharks zone.
8:17 of 2nd period - Christian Djoos is hit by Steve Bernier and loses puck.
8:36 of 2nd period - Slapshot by Cedric Paquette.
8:36 of 2nd period - Stopped by Joonas Korpisalo without a rebound.
8:37 of 2nd period - Dylan Larkin wins face-off versus Lukas Sedlak in Sharks zone.
8:57 of 2nd period - Off-side.
8:58 of 2nd period - John Tavares wins face-off versus Colton Sceviour in neutral zone.
9:05 of 2nd period - Slapshot by Alex Pietrangelo.
9:05 of 2nd period - Shot Misses the Net.
9:07 of 2nd period - Wrist shot by Steve Bernier.
9:07 of 2nd period - Shot Blocked by John Tavares.
9:09 of 2nd period - Slapshot by Braydon Coburn.
9:09 of 2nd period - Stopped by James Reimer with a rebound.
9:23 of 2nd period - Alex Pietrangelo is hit by Nick Bonino and loses puck.
9:48 of 2nd period - Sam Gagner is hit by Teuvo Teravainen and loses puck.
10:22 of 2nd period - Minor Penalty to Kenny Agostino for Tripping.
10:23 of 2nd period - John Tavares wins face-off versus Colton Sceviour in Sharks zone.
10:35 of 2nd period - Wrist shot by Mark Scheifele.
10:35 of 2nd period - Shot Misses the Net.
10:37 of 2nd period - Snap shot by David Pastrnak.
10:37 of 2nd period - Stopped by Joonas Korpisalo with a rebound.
10:39 of 2nd period - Snap shot by David Pastrnak.
10:39 of 2nd period - Stopped by Joonas Korpisalo without a rebound.
10:40 of 2nd period - John Tavares wins face-off versus Colton Sceviour in Sharks zone.
12:22 of 2nd period - Penalty to Kenny Agostino is over, Kenny Agostino is back on ice.
13:16 of 2nd period - Snap shot by Sidney Crosby.
13:16 of 2nd period - Stopped by James Reimer with a rebound.
13:18 of 2nd period - Wrist shot by Gabriel Landeskog.
13:18 of 2nd period - Stopped by James Reimer with a rebound.
14:12 of 2nd period - Sam Gagner is hit by Sidney Crosby and loses puck.
15:23 of 2nd period - Dylan Larkin is hit by John Tavares and loses puck.
15:44 of 2nd period - Backhand shot by Matt Nieto.
15:44 of 2nd period - Shot Blocked by Mark Borowiecki.
15:56 of 2nd period - Nick Bonino is hit by Colton Sceviour and loses puck.
16:16 of 2nd period - Dylan Larkin is hit by Brandon Dubinsky and loses puck.
16:36 of 2nd period - Tyson Barrie is hit by John Tavares and loses puck.
16:43 of 2nd period - Connor Murphy is hit by Braydon Coburn and loses puck.
16:58 of 2nd period - Cedric Paquette is hit by Mark Borowiecki and loses puck.
17:05 of 2nd period - Dion Phaneuf is hit by Boone Jenner.
17:09 of 2nd period - Lukas Sedlak is hit by Boone Jenner and loses puck.
17:22 of 2nd period - Colton Sceviour is hit by Ben Hutton and loses puck.
17:49 of 2nd period - Snap shot by Sidney Crosby.
17:49 of 2nd period - Stopped by James Reimer with a rebound.
17:52 of 2nd period - Icing by Dion Phaneuf.
17:53 of 2nd period - Nick Bonino wins face-off versus Dylan Larkin in Red Wings zone.
18:12 of 2nd period - Wrist shot by Jake DeBrusk.
18:12 of 2nd period - Stopped by Joonas Korpisalo with a rebound.
18:26 of 2nd period - Snap shot by Jonathan Drouin.
18:26 of 2nd period - Goal by Jonathan Drouin - Red Wings : 3 - Sharks : 3.
18:27 of 2nd period - Sidney Crosby wins face-off versus John Tavares in neutral zone.
18:57 of 2nd period - Dylan Larkin is hit by Dion Phaneuf and loses puck.
19:18 of 2nd period - Wrist shot by Matt Nieto.
19:18 of 2nd period - Stopped by Joonas Korpisalo with a rebound.
19:39 of 2nd period - Colton Sceviour is hit by Joseph Blandisi.
19:43 of 2nd period - Backhand shot by Steve Bernier.
19:43 of 2nd period - Shot Misses the Net.
Goals for this period are 1 for Red Wings vs 1 for Sharks.
Shots for this period are 12 for Red Wings vs 12 for Sharks.

3rd period


0:01 of 3rd period - Sidney Crosby wins face-off versus John Tavares in neutral zone.
2:25 of 3rd period - Wrist shot by Sidney Crosby.
2:25 of 3rd period - Stopped by James Reimer with a rebound.
2:27 of 3rd period - Slapshot by Braydon Coburn.
2:27 of 3rd period - Stopped by James Reimer with a rebound.
2:42 of 3rd period - Braydon Coburn is hit by Nick Bonino and loses puck.
2:46 of 3rd period - Icing by Alex Pietrangelo.
2:47 of 3rd period - Boone Jenner wins face-off versus John Tavares in Sharks zone.
2:47 of 3rd period - Boone Jenner is hit by Tomas Tatar.
3:35 of 3rd period - Snap shot by Cedric Paquette.
3:35 of 3rd period - Stopped by Joonas Korpisalo with a rebound.
3:37 of 3rd period - Slapshot by Paul Martin.
3:37 of 3rd period - Shot Misses the Net.
3:39 of 3rd period - Slapshot by Connor Murphy.
3:39 of 3rd period - Stopped by Joonas Korpisalo with a rebound.
3:51 of 3rd period - Patric Hornqvist is hit by Connor Murphy and loses puck.
3:58 of 3rd period - Snap shot by Nick Bonino.
3:58 of 3rd period - Shot Blocked by Tyson Barrie.
4:00 of 3rd period - Snap shot by Jake DeBrusk.
4:00 of 3rd period - Stopped by Joonas Korpisalo with a rebound.
4:02 of 3rd period - Snap shot by Jake DeBrusk.
4:02 of 3rd period - Shot Misses the Net.
4:04 of 3rd period - Slapshot by Christian Djoos.
4:04 of 3rd period - Stopped by Joonas Korpisalo with a rebound.
4:27 of 3rd period - Off-side.
4:28 of 3rd period - Colton Sceviour wins face-off versus Brandon Dubinsky in neutral zone.
4:35 of 3rd period - Snap shot by Kenny Agostino.
4:35 of 3rd period - Shot Blocked by Dion Phaneuf.
4:37 of 3rd period - Minor Penalty to Brandon Dubinsky for Hooking.
4:38 of 3rd period - Sidney Crosby wins face-off versus Nick Bonino in Red Wings zone.
4:49 of 3rd period - Wrist shot by Jonathan Huberdeau.
4:49 of 3rd period - Shot Misses the Net.
4:51 of 3rd period - Wrist shot by Patric Hornqvist.
4:51 of 3rd period - Stopped by James Reimer without a rebound.
4:52 of 3rd period - Nick Bonino wins face-off versus Sidney Crosby in Red Wings zone.
4:57 of 3rd period - Patric Hornqvist is hit by Paul Martin and loses puck.
5:15 of 3rd period - Icing by Patric Hornqvist.
5:16 of 3rd period - Nick Bonino wins face-off versus Dylan Larkin in Sharks zone.
6:01 of 3rd period - Snap shot by Jonathan Drouin.
6:01 of 3rd period - Stopped by James Reimer without a rebound.
6:02 of 3rd period - Sidney Crosby wins face-off versus Oscar Lindberg in Red Wings zone.
6:13 of 3rd period - Wrist shot by Sidney Crosby.
6:13 of 3rd period - Deflect By Dion Phaneuf.
6:13 of 3rd period - Shot Misses the Net.
6:13 of 3rd period - Puck is out of play.
6:14 of 3rd period - Nick Bonino wins face-off versus Sidney Crosby in Red Wings zone.
6:37 of 3rd period - Penalty to Brandon Dubinsky is over, Brandon Dubinsky is back on ice.
6:47 of 3rd period - Slapshot by Dylan Larkin.
6:47 of 3rd period - Deflect By Gabriel Landeskog.
6:47 of 3rd period - Stopped by James Reimer without a rebound.
6:48 of 3rd period - John Tavares wins face-off versus Boone Jenner in Red Wings zone.
7:19 of 3rd period - Snap shot by Sidney Crosby.
7:19 of 3rd period - Shot Misses the Net.
7:21 of 3rd period - Snap shot by Gabriel Landeskog.
7:21 of 3rd period - Stopped by James Reimer with a rebound.
7:23 of 3rd period - Slapshot by Sidney Crosby.
7:23 of 3rd period - Shot Blocked by John Carlson.
7:25 of 3rd period - Backhand shot by Braydon Coburn.
7:25 of 3rd period - Shot Misses the Net.
7:27 of 3rd period - Slapshot by Alex Pietrangelo.
7:27 of 3rd period - Deflect By Sidney Crosby.
7:27 of 3rd period - Shot Blocked by John Carlson.
7:27 of 3rd period - Puck is out of play.
7:28 of 3rd period - Dylan Larkin wins face-off versus John Tavares in Red Wings zone.
8:01 of 3rd period - Slapshot by Gabriel Landeskog.
8:01 of 3rd period - Stopped by James Reimer without a rebound.
8:02 of 3rd period - Sidney Crosby wins face-off versus Sam Gagner in Red Wings zone.
8:35 of 3rd period - Wrist shot by John Tavares.
8:35 of 3rd period - Stopped by Joonas Korpisalo with a rebound.
9:13 of 3rd period - Lukas Sedlak is hit by Steve Bernier.
12:04 of 3rd period - Wrist shot by Matt Nieto.
12:04 of 3rd period - Deflect By Lukas Sedlak.
12:04 of 3rd period - Shot Blocked by Tyson Barrie.
12:04 of 3rd period - Puck is out of play.
12:05 of 3rd period - John Tavares wins face-off versus Boone Jenner in Sharks zone.
12:30 of 3rd period - Slapshot by Kenny Agostino.
12:30 of 3rd period - Stopped by James Reimer with a rebound.
12:32 of 3rd period - Slapshot by Tyson Barrie.
12:32 of 3rd period - Stopped by James Reimer without a rebound.
12:33 of 3rd period - Colton Sceviour wins face-off versus Brandon Dubinsky in Red Wings zone.
12:40 of 3rd period - Snap shot by Kenny Agostino.
12:40 of 3rd period - Stopped by James Reimer without a rebound.
12:41 of 3rd period - Sidney Crosby wins face-off versus Brandon Dubinsky in Red Wings zone.
12:56 of 3rd period - Snap shot by Jonathan Drouin.
12:56 of 3rd period - Deflect By Sidney Crosby.
12:56 of 3rd period - Shot Blocked by Dion Phaneuf.
12:56 of 3rd period - Puck is out of play.
12:57 of 3rd period - Dylan Larkin wins face-off versus John Tavares in Red Wings zone.
13:10 of 3rd period - Slapshot by Teuvo Teravainen.
13:10 of 3rd period - Stopped by James Reimer without a rebound.
13:11 of 3rd period - Sidney Crosby wins face-off versus John Tavares in Red Wings zone.
13:16 of 3rd period - Slapshot by Sidney Crosby.
13:16 of 3rd period - Stopped by James Reimer with a rebound.
13:18 of 3rd period - Wrist shot by Sidney Crosby.
13:18 of 3rd period - Stopped by James Reimer without a rebound.
13:19 of 3rd period - Sidney Crosby wins face-off versus John Tavares in Red Wings zone.
13:48 of 3rd period - Snap shot by Sidney Crosby.
13:48 of 3rd period - Shot Misses the Net.
13:50 of 3rd period - Slapshot by Mark Borowiecki.
13:50 of 3rd period - Shot Misses the Net.
14:10 of 3rd period - Snap shot by Sidney Crosby.
14:10 of 3rd period - Stopped by James Reimer without a rebound.
14:11 of 3rd period - Patric Hornqvist wins face-off versus Brandon Dubinsky in Red Wings zone.
14:26 of 3rd period - Wrist shot by Sam Gagner.
14:26 of 3rd period - Stopped by Joonas Korpisalo with a rebound.
14:41 of 3rd period - Snap shot by Jonathan Huberdeau.
14:41 of 3rd period - Stopped by James Reimer with a rebound.
14:43 of 3rd period - Wrist shot by Jonathan Huberdeau.
14:43 of 3rd period - Shot Misses the Net.
14:45 of 3rd period - Slapshot by Tyson Barrie.
14:45 of 3rd period - Stopped by James Reimer with a rebound.
14:47 of 3rd period - Slapshot by Boone Jenner.
14:47 of 3rd period - Deflect By Jonathan Huberdeau.
14:47 of 3rd period - Stopped by James Reimer with a rebound.
14:49 of 3rd period - Wrist shot by Boone Jenner.
14:49 of 3rd period - Stopped by James Reimer without a rebound.
14:50 of 3rd period - Brandon Dubinsky wins face-off versus Dylan Larkin in Red Wings zone.
14:57 of 3rd period - Snap shot by Brandon Dubinsky.
14:57 of 3rd period - Deflect By David Pastrnak.
14:57 of 3rd period - Stopped by Joonas Korpisalo with a rebound.
14:59 of 3rd period - Slapshot by John Carlson.
14:59 of 3rd period - Shot Blocked by Mark Borowiecki.
15:01 of 3rd period - Snap shot by John Carlson.
15:01 of 3rd period - Deflect By David Pastrnak.
15:01 of 3rd period - Shot Misses the Net.
15:01 of 3rd period - Puck is out of play.
15:02 of 3rd period - Boone Jenner wins face-off versus Mark Scheifele in Sharks zone.
15:02 of 3rd period - Boone Jenner is hit by John Tavares.
15:14 of 3rd period - Slapshot by Dion Phaneuf.
15:14 of 3rd period - Shot Blocked by Tyson Barrie.
15:38 of 3rd period - Wrist shot by Mikkel Boedker.
15:38 of 3rd period - Stopped by James Reimer without a rebound.
15:39 of 3rd period - Sidney Crosby wins face-off versus Brandon Dubinsky in Red Wings zone.
15:42 of 3rd period - Snap shot by Jonathan Drouin.
15:42 of 3rd period - Shot Blocked by Paul Martin.
15:44 of 3rd period - Snap shot by Jonathan Drouin.
15:44 of 3rd period - Deflect By Sam Gagner.
15:44 of 3rd period - Goal by Jonathan Drouin - Red Wings : 3 - Sharks : 4.
15:45 of 3rd period - John Tavares wins face-off versus Boone Jenner in neutral zone.
16:37 of 3rd period - Wrist shot by Teuvo Teravainen.
16:37 of 3rd period - Stopped by James Reimer without a rebound.
16:38 of 3rd period - John Tavares wins face-off versus Dylan Larkin in Red Wings zone.
16:50 of 3rd period - Snap shot by Mark Scheifele.
16:50 of 3rd period - Shot Misses the Net.
16:52 of 3rd period - Slapshot by Dion Phaneuf.
16:52 of 3rd period - Stopped by Joonas Korpisalo with a rebound.
16:54 of 3rd period - Wrist shot by John Tavares.
16:54 of 3rd period - Shot Blocked by Zach Werenski.
17:04 of 3rd period - Snap shot by Sam Gagner.
17:04 of 3rd period - Shot Misses the Net.
17:24 of 3rd period - Sam Gagner is hit by Gabriel Landeskog and loses puck.
18:05 of 3rd period - Slapshot by Sam Gagner.
18:05 of 3rd period - Shot Blocked by Gabriel Landeskog.
18:07 of 3rd period - Slapshot by Brandon Dubinsky.
18:07 of 3rd period - Shot Blocked by Alex Pietrangelo.
18:09 of 3rd period - Slapshot by John Carlson.
18:09 of 3rd period - Stopped by Joonas Korpisalo without a rebound.
18:10 of 3rd period - Sidney Crosby wins face-off versus Mark Scheifele in Sharks zone.
18:10 of 3rd period - Sidney Crosby is hit by Tomas Tatar.
18:22 of 3rd period - Icing by Dion Phaneuf.
18:23 of 3rd period - John Tavares wins face-off versus Boone Jenner in Red Wings zone.
19:40 of 3rd period - Red Wings, James Reimer is pulled from the net.
Goals for this period are 0 for Red Wings vs 1 for Sharks.
Shots for this period are 9 for Red Wings vs 21 for Sharks.